CLL
VISALIA METS @ FRESNO GRIZZLIES
07/26/1982
 
TOP OF THE 1ST
Visalia Mets batting - Pitching for Fresno Grizzlies : RHP Kevin Teate
Pitching: RHP Kevin Teate
Batting: RHB Danny Ainge 0-0: Ground out 4-3 (Groundball, 4, EV 82.5 MPH)
Batting: RHB Ed Sedar 0-0: Called Strike
0-1: Ball
1-1: Foul Ball, location: 2F
1-2: Ball
2-2: Strikes out swinging
Batting: LHB Huey Gayden 0-0: Ground out 3-1 (Groundball, 34, EV 105.6 MPH)
Top of the 1st over - 0 runs, 0 hits, 0 errors, 0 left on base; Visalia 0 - Fresno 0
BOTTOM OF THE 1ST
Fresno Grizzlies batting - Pitching for Visalia Mets : RHP Randy Martz
Pitching: RHP Randy Martz
Batting: RHB Mike Jirschele 0-0: Ball
1-0: Ball
2-0: Ball
3-0: Base on Balls
Batting: LHB Roger Hill 0-0: Called Strike
0-1: Ball
1-1: Fielders Choice at 2nd, 1-6 (Groundball, 23, EV 73.1 MPH)
Batting: RHB Chris Fernandez 0-0: Swinging Strike
0-1: SINGLE (Groundball, 6MD, EV 103.1 MPH)
Roger Hill to second
Runner from 2nd tries for 3rd, SAFE, no throw by CF
Batting: LHB Ron Oddo 0-0: Ball
1-0: Grounds into double play, 4-6-3 (Groundball, 34, EV 78.8 MPH)
Bottom of the 1st over - 0 runs, 1 hit, 0 errors, 1 left on base; Visalia 0 - Fresno 0
TOP OF THE 2ND
Visalia Mets batting - Pitching for Fresno Grizzlies : RHP Kevin Teate
Batting: LHB Pete Dalena 0-0: Ball
1-0: Ball
2-0: Called Strike
2-1: Swinging Strike
2-2: Ground out 5-3 (Groundball, 5, EV 101.9 MPH)
Batting: RHB Gabriel de la Sancha 0-0: Called Strike
0-1: Ball
1-1: Ball
2-1: Foul Ball, location: 2F
2-2: Strikes out looking
Batting: RHB Mitchell Ashmore 0-0: Called Strike
0-1: Swinging Strike
0-2: Ball
1-2: Strikes out swinging
Top of the 2nd over - 0 runs, 0 hits, 0 errors, 0 left on base; Visalia 0 - Fresno 0
BOTTOM OF THE 2ND
Fresno Grizzlies batting - Pitching for Visalia Mets : RHP Randy Martz
Batting: RHB Tom Johnson 0-0: Ball
1-0: Ball
2-0: Ball
3-0: Base on Balls
Batting: RHB Ivan Mesa 0-0: Ball
Wild Pitch!
Tom Johnson to second
1-0: Called Strike
1-1: Ground out 6-3 (Groundball, 6, EV 81.3 MPH)
Tom Johnson to third
Batting: LHB Jose Rivera 0-0: Ball
1-0: Called Strike
1-1: Swinging Strike
1-2: Ground out 6-3 (Groundball, 6, EV 83.8 MPH)
Tom Johnson scores
Batting: RHB Manuel McDonald 0-0: Ground out 6-3 (Groundball, 6S, EV 79.4 MPH)
Bottom of the 2nd over - 1 run, 0 hits, 0 errors, 0 left on base; Visalia 0 - Fresno 1
TOP OF THE 3RD
Visalia Mets batting - Pitching for Fresno Grizzlies : RHP Kevin Teate
Batting: SHB Rene Quinones 0-0: Ball
1-0: Ball
2-0: Called Strike
2-1: Foul Ball, location: 2F
2-2: Ball
3-2: SINGLE (Line Drive, 8RS, EV 93.1 MPH)
Batting: RHB Lloyd Bessard 0-0: Ball
1-0: Called Strike
1-1: Ball
2-1: Foul Ball, location: 2F
2-2: Ball
3-2: Foul Ball, location: 2F
3-2: Foul Ball, location: 2F
3-2: Base on Balls
Rene Quinones to second
Batting: RHB Eddie Dennis 0-0: Swinging Strike
0-1: Ball
1-1: Foul Ball, location: 2F
1-2: Foul Ball, location: 2F
1-2: Fly out, F9 (Line Drive, 9, EV 96.9 MPH)
Batting: RHB Danny Ainge 0-0: Foul Ball, location: 2F
0-1: Foul Ball, location: 2F
0-2: Grounds into double play, 4-6-3 (Groundball, 4, EV 85.6 MPH)
Top of the 3rd over - 0 runs, 1 hit, 0 errors, 1 left on base; Visalia 0 - Fresno 1
BOTTOM OF THE 3RD
Fresno Grizzlies batting - Pitching for Visalia Mets : RHP Randy Martz
Batting: RHB Billy Ireland 0-0: Ground out 6-3 (Groundball, P, EV 87.5 MPH)
Batting: RHB Mike Jirschele 0-0: Called Strike
0-1: Called Strike
0-2: Ball
1-2: Strikes out looking
Batting: LHB Roger Hill 0-0: Called Strike
0-1: Ball
1-1: Ball
2-1: Fly out, F9 (Flyball, 9D, EV 93.1 MPH)
Bottom of the 3rd over - 0 runs, 0 hits, 0 errors, 0 left on base; Visalia 0 - Fresno 1
TOP OF THE 4TH
Visalia Mets batting - Pitching for Fresno Grizzlies : RHP Kevin Teate
Batting: RHB Ed Sedar 0-0: Foul Ball, location: 2F
0-1: Called Strike
0-2: Fly out, F7 (Flyball, 78M, EV 83.8 MPH)
Batting: LHB Huey Gayden 0-0: Ball
1-0: Foul Ball, location: 2F
1-1: Fly out, F8 (Line Drive, 8RM, EV 89.4 MPH)
Batting: LHB Pete Dalena 0-0: Called Strike
0-1: Fly out, F9 (Flyball, 89M, EV 86.3 MPH)
Top of the 4th over - 0 runs, 0 hits, 0 errors, 0 left on base; Visalia 0 - Fresno 1
BOTTOM OF THE 4TH
Fresno Grizzlies batting - Pitching for Visalia Mets : RHP Randy Martz
Batting: RHB Chris Fernandez 0-0: Called Strike
0-1: Fly out, F7 (Flyball, 7LS, EV 91.9 MPH)
Batting: LHB Ron Oddo 0-0: Ball
1-0: Called Strike
1-1: Foul Ball, location: 2F
1-2: Ground out 4-3 (Groundball, 4, EV 83.1 MPH)
Batting: RHB Tom Johnson 0-0: Called Strike
0-1: Called Strike
0-2: Foul Ball, location: 2F
0-2: Strikes out looking
Bottom of the 4th over - 0 runs, 0 hits, 0 errors, 0 left on base; Visalia 0 - Fresno 1
TOP OF THE 5TH
Visalia Mets batting - Pitching for Fresno Grizzlies : RHP Kevin Teate
Batting: RHB Gabriel de la Sancha 0-0: Called Strike
0-1: Swinging Strike
0-2: Ground out 6-3 (Groundball, 6, EV 85.0 MPH)
Batting: RHB Mitchell Ashmore 0-0: Ground out 5-3 (Groundball, 56, EV 83.1 MPH)
Batting: SHB Rene Quinones 0-0: Ball
1-0: Ground out U3 (Groundball, 3, EV 86.9 MPH)
Top of the 5th over - 0 runs, 0 hits, 0 errors, 0 left on base; Visalia 0 - Fresno 1
BOTTOM OF THE 5TH
Fresno Grizzlies batting - Pitching for Visalia Mets : RHP Randy Martz
Batting: RHB Ivan Mesa 0-0: Ground out 4-3 (Groundball, 4M, EV 86.3 MPH)
Batting: LHB Jose Rivera 0-0: Called Strike
0-1: Ground out 5-3 (Groundball, 5S, EV 80.6 MPH)
Batting: RHB Manuel McDonald 0-0: Ball
1-0: Ball
2-0: Swinging Strike
2-1: Fly out, F8 (Flyball, 8RD, EV 82.5 MPH)
Bottom of the 5th over - 0 runs, 0 hits, 0 errors, 0 left on base; Visalia 0 - Fresno 1
TOP OF THE 6TH
Visalia Mets batting - Pitching for Fresno Grizzlies : RHP Kevin Teate
Batting: RHB Lloyd Bessard 0-0: Ball
1-0: Ball
2-0: Foul Ball, location: 2F
2-1: Called Strike
2-2: Strikes out swinging
Batting: RHB Eddie Dennis 0-0: Ball
1-0: DOUBLE (Line Drive, 89M, EV 92.5 MPH)
Batting: RHB Danny Ainge 0-0: Called Strike
0-1: Ground out 4-3 (Groundball, 4M, EV 84.4 MPH)
Eddie Dennis to third
Batting: RHB Ed Sedar 0-0: Called Strike
0-1: Swinging Strike
0-2: Ball
1-2: Foul Ball, location: 2F
1-2: Ball
2-2: Foul Ball, location: 2F
2-2: Fly out, F8 (Line Drive, 8LM, EV 98.1 MPH)
Top of the 6th over - 0 runs, 1 hit, 0 errors, 1 left on base; Visalia 0 - Fresno 1
BOTTOM OF THE 6TH
Fresno Grizzlies batting - Pitching for Visalia Mets : RHP Randy Martz
Batting: RHB Billy Ireland 0-0: Fly out, F5 (Line Drive, 5, EV 66.9 MPH)
Batting: RHB Mike Jirschele 0-0: Ground out 6-3 (Groundball, 6, EV 84.4 MPH)
Batting: LHB Roger Hill 0-0: Called Strike
0-1: Foul Ball, location: 2F
0-2: Ball
1-2: Fly out, F4 (Line Drive, 4, EV 75.0 MPH)
Bottom of the 6th over - 0 runs, 0 hits, 0 errors, 0 left on base; Visalia 0 - Fresno 1
TOP OF THE 7TH
Visalia Mets batting - Pitching for Fresno Grizzlies : RHP Kevin Teate
Batting: LHB Huey Gayden 0-0: Ball
1-0: Ball
2-0: Ball
3-0: Called Strike
3-1: Foul Ball, location: 2F
3-2: Foul Ball, location: 2F
3-2: Foul Ball, location: 2F
3-2: Foul Ball, location: 2F
3-2: Base on Balls
Batting: LHB Pete Dalena 0-0: Ground out 4-3 (Groundball, 34S, EV 81.3 MPH)
Huey Gayden to second
Batting: RHB Gabriel de la Sancha 0-0: Ball
1-0: Ball
Huey Gayden steals 3rd base
2-0: Foul Ball, location: 2F
2-1: Ball
3-1: Base on Balls
Batting: RHB Mitchell Ashmore 0-0: Ball
1-0: Foul Ball, location: 2F
1-1: Swinging Strike
1-2: Foul Ball, location: 2F
1-2: Fly out, F9 (Flyball, 9D, EV 86.3 MPH)
Runner from 3rd tags up, SCORES, throw by RF
Pitching: RHP Larry Wright
Batting: SHB Rene Quinones 0-0: Ball
1-0: Called Strike
1-1: Fly out, F9 (Flyball, 89D, EV 90.0 MPH)
Top of the 7th over - 1 run, 0 hits, 0 errors, 1 left on base; Visalia 1 - Fresno 1
BOTTOM OF THE 7TH
Fresno Grizzlies batting - Pitching for Visalia Mets : RHP Randy Martz
Batting: RHB Chris Fernandez 0-0: DOUBLE (Line Drive, 78XD, EV 112.5 MPH)
Batting: LHB Ron Oddo 0-0: Intentional Walk
Pinch Runner at 2nd William Metil:
Batting: RHB Tom Johnson 0-0: Ball
William Metil steals 3rd base
1-0: Ball
2-0: Foul Ball, location: 2F
2-1: Foul Ball, location: 2F
2-2: Ball
3-2: Fly out, F7 (Flyball, 78D, EV 102.5 MPH)
Runner from 3rd tags up, SCORES, no throw by LF
Batting: RHB Ivan Mesa 0-0: Swinging Strike
0-1: Foul Ball, location: 2F
0-2: Ball
1-2: Strikes out swinging
Batting: LHB Jose Rivera 0-0: Ball
1-0: Ball
2-0: Ground out U3 (Groundball, 34S, EV 70.0 MPH)
Bottom of the 7th over - 1 run, 1 hit, 0 errors, 1 left on base; Visalia 1 - Fresno 2
TOP OF THE 8TH
Visalia Mets batting - Pitching for Fresno Grizzlies : RHP Larry Wright
Now at 3B: Jeffery Gossett
Batting: RHB Lloyd Bessard 0-0: Called Strike
0-1: Ball
1-1: Fly out, F9 (Flyball, 89M, EV 90.6 MPH)
Batting: RHB Eddie Dennis 0-0: Called Strike
0-1: Ball
1-1: SOLO HOME RUN (Flyball, 7D, EV 103.8 MPH), Distance : 385 ft
Batting: RHB Danny Ainge 0-0: Called Strike
0-1: Ball
1-1: Fly out, F9 (Flyball, 9, EV 86.9 MPH)
Batting: RHB Ed Sedar 0-0: DOUBLE (Line Drive, 89D, EV 103.8 MPH)
Batting: LHB Huey Gayden 0-0: Foul Ball, location: 2F
0-1: Ground out 6-3 (Groundball, 6, EV 85.6 MPH)
Top of the 8th over - 1 run, 2 hits, 0 errors, 1 left on base; Visalia 2 - Fresno 2
BOTTOM OF THE 8TH
Fresno Grizzlies batting - Pitching for Visalia Mets : RHP Randy Martz
Batting: RHB Manuel McDonald 0-0: Ball
1-0: Fly out, F4 (Popup, 34, EV 68.8 MPH)
Batting: RHB Billy Ireland 0-0: Swinging Strike
0-1: Ball
1-1: Swinging Strike
1-2: Ball
2-2: Ball
3-2: SINGLE (Line Drive, 9S, EV 91.9 MPH)
Batting: RHB Mike Jirschele 0-0: Called Strike
0-1: Ball
1-1: Fly out, F9 (Line Drive, 9, EV 102.5 MPH)
Batting: LHB Roger Hill 0-0: Ball
1-0: Foul Ball, location: 2F
1-1: Ground out 6-3 (Groundball, 6MS, EV 93.1 MPH)
Bottom of the 8th over - 0 runs, 1 hit, 0 errors, 1 left on base; Visalia 2 - Fresno 2
TOP OF THE 9TH
Visalia Mets batting - Pitching for Fresno Grizzlies : RHP Larry Wright
Pitching: RHP Chuck McKinney
Batting: LHB Pete Dalena 0-0: Called Strike
0-1: Fly out, F6 (Popup, 4MS, EV 70.6 MPH)
Batting: RHB Gabriel de la Sancha 0-0: Called Strike
0-1: Called Strike
0-2: Ball
1-2: Strikes out swinging
Batting: RHB Mitchell Ashmore 0-0: Ball
1-0: Ball
2-0: Swinging Strike
2-1: Swinging Strike
2-2: Strikes out swinging
Top of the 9th over - 0 runs, 0 hits, 0 errors, 0 left on base; Visalia 2 - Fresno 2
BOTTOM OF THE 9TH
Fresno Grizzlies batting - Pitching for Visalia Mets : RHP Randy Martz
Pitching: RHP Dennis Long
Pinch Hitting: LHB Russ Aldrich 0-0: Swinging Strike
0-1: Ball
1-1: Ball
2-1: Ball
3-1: Called Strike
3-2: Strikes out looking
Batting: LHB Ron Oddo 0-0: Foul Ball, location: 2F
0-1: Ball
1-1: Called Strike
1-2: Foul Ball, location: 2F
1-2: Ball
2-2: Ball
3-2: Fly out, F6 (Popup, 6, EV 61.9 MPH)
Batting: RHB Tom Johnson 0-0: Foul Ball, location: 2F
0-1: Ball
1-1: SINGLE (Line Drive, 56D, EV 106.3 MPH)
Batting: RHB Ivan Mesa 0-0: Ball
1-0: Foul Ball, location: 2F
1-1: Swinging Strike
1-2: Ball
2-2: Foul Ball, location: 2F
2-2: Ball
3-2: Fly out, F9 (Flyball, 9LM, EV 85.0 MPH)
Bottom of the 9th over - 0 runs, 1 hit, 0 errors, 1 left on base; Visalia 2 - Fresno 2
TOP OF THE 10TH
Visalia Mets batting - Pitching for Fresno Grizzlies : RHP Chuck McKinney
Now in RF: Russ Aldrich
Batting: SHB Rene Quinones 0-0: Fly out, F9 (Flyball, 9LM, EV 92.5 MPH)
Pinch Hitting: SHB David Navarro 0-0: Ball
1-0: Foul Ball, location: 2F
1-1: Ball
2-1: Foul Ball, location: 2F
2-2: Ball
3-2: Base on Balls
Pinch Hitting: SHB Marcos Gomez 0-0: Called Strike
David Navarro steals 2nd base (no throw)
0-1: Fly out, F8 (Flyball, 8LXD, EV 86.9 MPH)
Runner from 2nd tags up, SAFE at 3rd, no throw by CF
Pinch Hitting: LHB Ricky Eberly 0-0: Ball
1-0: Ball
2-0: Ball
3-0: Foul Ball, location: 2F
3-1: Base on Balls
Batting: RHB Ed Sedar 0-0: Ball
1-0: Ball
2-0: Swinging Strike
2-1: Called Strike
2-2: Ball
3-2: Foul Ball, location: 2F
3-2: Foul Ball, location: 2F
3-2: Strikes out swinging
Top of the 10th over - 0 runs, 0 hits, 0 errors, 2 left on base; Visalia 2 - Fresno 2
BOTTOM OF THE 10TH
Fresno Grizzlies batting - Pitching for Visalia Mets : RHP Dennis Long
Now at 2B: David Navarro
Now at 3B: Ricky Eberly
Now in RF: Marcos Gomez
Batting: LHB Jose Rivera 0-0: Swinging Strike
0-1: Ball
1-1: Ground out 6-3 (Groundball, 6, EV 85.0 MPH)
Batting: RHB Manuel McDonald 0-0: Ground out 6-3 (Groundball, 6, EV 80.6 MPH)
Batting: RHB Billy Ireland 0-0: Called Strike
0-1: Ball
1-1: Called Strike
1-2: Ground out 6-3 (Groundball, 56, EV 81.3 MPH)
Bottom of the 10th over - 0 runs, 0 hits, 0 errors, 0 left on base; Visalia 2 - Fresno 2
TOP OF THE 11TH
Visalia Mets batting - Pitching for Fresno Grizzlies : RHP Chuck McKinney
Batting: LHB Huey Gayden 0-0: Swinging Strike
0-1: Foul Ball, location: 2F
0-2: Ball
1-2: Ball
2-2: Ball
3-2: Ground out 6-3 (Groundball, 6, EV 103.1 MPH)
Batting: LHB Pete Dalena 0-0: Called Strike
0-1: Swinging Strike
0-2: Strikes out swinging
Pitching: RHP Nelson Torres
Batting: RHB Gabriel de la Sancha 0-0: Called Strike
0-1: Foul Ball, location: 2F
0-2: Strikes out swinging
Top of the 11th over - 0 runs, 0 hits, 0 errors, 0 left on base; Visalia 2 - Fresno 2
BOTTOM OF THE 11TH
Fresno Grizzlies batting - Pitching for Visalia Mets : RHP Dennis Long
Pitching: RHP Timothy O'Neill
Batting: RHB Mike Jirschele 0-0: Ball
1-0: Fly out, F9 (Line Drive, 9D, EV 90.0 MPH)
Batting: LHB Roger Hill 0-0: Ball
1-0: Foul Ball, location: 2F
1-1: Ball
2-1: SINGLE (Groundball, 56S, EV 71.9 MPH) (infield hit)
Batting: LHB Russ Aldrich 0-0: Ball
1-0: Foul Ball, location: 2F
1-1: Swinging Strike
1-2: Foul Ball, location: 2F
1-2: Foul Ball, location: 2F
1-2: DOUBLE (Line Drive, 89D, EV 108.8 MPH)
Roger Hill to third
Batting: LHB Ron Oddo 0-0: Intentional Walk
Batting: RHB Tom Johnson 0-0: Ball
1-0: GRAND SLAM HOME RUN (Flyball, 7LD, EV 108.1 MPH), Distance : 363 ft
Bottom of the 11th over - 4 runs, 3 hits, 0 errors, 0 left on base; Visalia 2 - Fresno 6
Wednesday, August 19th, 2020 - OOTP Baseball 21.5 Build 76